Map: Odyssée EC

Players

zidar

  • Race: Zerg Zerg
  • Spawn Location: 11:00

EvD - Winner!

  • Race: Zerg Zerg
  • Spawn Location: 5:00

VOD

Have the link to the VOD?

Description

Time

  • Played on: July 24, 2017, 10:58 a.m.
  • Length: 5:51
Show
View Real Time Build Order
Export as new Build Order

zidar Zerg 

Build Orders: 1 Base Baneling Bust, Pool First 

Get SALT Encoding   

  12  0:01  Drone  
  13  0:08  Drone  
  14  0:14  Extractor  
  14  0:16  Drone  
  14  0:37  Spawning Pool  
  14  0:40  Drone  
  14  0:50  Overlord  
  14  1:08  Drone x3  
  17  1:27  Baneling Nest  
  17  1:29  Queen  
  18  1:37  Metabolic Boost  
  18  1:42  Drone  
  19  1:49  Overlord  
  19  2:01  Zergling x4  
  20  2:05  Overlord  
  21  2:30  Hatchery  
  21  2:37  Zergling x4  
  22  2:45  Overlord  
  22  2:48  Drone  
  23  2:53  Zergling x2  
  24  3:19  Zergling x12  
  30  3:22  Baneling x3  
  19  4:26  Zergling x6  
  19  4:27  Zergling x12  
  28  4:43  Zergling x4  
  30  4:51  Baneling x2  
  24  4:57  Zergling x4  
  24  5:14  Extractor, Drone x4  
  27  5:22  Drone  
Show
View Real Time Build Order
Export as new Build Order

EvD Zerg - Winner!

Build Orders: Hatch First 

Get SALT Encoding   

  12  0:01  Drone  
  13  0:13  Overlord  
  13  0:17  Drone  
  14  0:31  Drone  
  14  0:32  Drone  
  14  0:35  Drone  
  17  0:45  Drone  
  18  0:57  Hatchery  
  18  1:00  Extractor  
  18  1:01  Drone  
  17  1:08  Drone  
  18  1:22  Spawning Pool  
  18  1:25  Drone  
  18  1:29  Drone  
  19  1:39  Overlord  
  19  1:50  Drone  
  20  2:01  Drone  
  21  2:08  Metabolic Boost  
  21  2:09  Queen  
  21  2:10  Queen  
  25  2:21  Drone x2  
  28  2:30  Zergling x4  
  28  2:33  Zergling x2  
  30  2:41  Evolution Chamber  
  29  2:56  Drone x4  
  33  3:05  Baneling Nest  
  32  3:06  Zergling x4  
  34  3:17  Spine Crawler  
  33  3:28  Overlord  
  33  3:44  Zerg Melee Weapons Level 1  
  29  4:03  Zergling x16  
  37  4:12  Zergling x2  
  37  4:13  Zergling x12  
  31  4:32  Zergling x4  
  31  4:33  Zergling x4  
  31  4:37  Queen  
  31  5:14  Zergling x18  
  40  5:38  Drone x3  
  40  5:41  Spine Crawler  
  40  5:42  Spine Crawler  
Tags
 
Add a new tag
Caveats
  • Supply blocks, unpowered buildings, or Contaminate may cause inaccurate times.
  • Supply counts are checked every 10 seconds.